 Dungeon Crawl Stone Soup version 0.31-a0-489-g282fc92437 (webtiles) character file.

Game seed: 1773405511810207704

32 Ethylacetat the Sneak (level 3, -6/25 HPs)
             Began as an Octopode Brigand on Aug 8, 2023.
             Mangled by a gnoll
             ... wielding a +0 spear
              (7 damage)
             ... on level 2 of the Dungeon.
             The game lasted 00:00:46 (844 turns).

Ethylacetat the Sneak (Octopode Brigand)             Turns: 844, Time: 00:00:46

Health: -6/25      AC:  1    Str: 10    XL:     3   Next: 27%
Magic:  3/3        EV: 13    Int: 13    God:
Gold:   47         SH:  0    Dex: 15    Spells: 2/2 levels left

rFire   . . .        a - +2 dagger
rCold   . . .        (no shield)
rNeg    . . .        (helmet restricted)
rPois   .            (no amulet)
rElec   .            (no ring)
rCorr   .            (no ring)
SInv    .            (no ring)
Will    .....        (no ring)
Stlth   ++++         (no ring)
HPRegen 0.24/turn    (no ring)
MPRegen 0.08/turn    (no ring)
                     (no ring)

%: no passive effects
@: lethally poisoned (-6 -> -11)
A: almost no armour, amphibious, 8 rings, camouflage 1, gelatinous body 1,
(nimble swimmer 1), tentacles
a: no special abilities


You were on level 2 of the Dungeon.
You visited 1 branch of the dungeon, and saw 2 of its levels.

You collected 47 gold pieces.

Inventory:

Hand Weapons
 a - a +2 dagger (weapon)
Missiles
 b - 9 poisoned darts (quivered)
 c - 3 curare-tipped darts
Scrolls
 e - a scroll of noise {unknown}
 g - a scroll of enchant weapon {unknown}
 h - a scroll of identify {unknown}
 l - a scroll of vulnerability {unknown}
Potions
 d - a potion of brilliance {unknown}
 f - 2 potions of enlightenment {unknown}
 i - 2 potions of magic {unknown}
 j - a potion of ambrosia {unknown}
 k - a potion of curing {unknown}


   Skills:
 + Level 2.9 Fighting
 - Level 2.0 Short Blades
 - Level 2.0 Throwing
 + Level 2.2 Dodging
 - Level 5.3 Stealth


You had 2 spell levels left.
You didn't know any spells.
Your spell library contained the following spells:

 Spells                   Type           Power      Damage    Failure   Level
 Simulacrum               Ice/Necr       0%         N/A       100%        6
 Ozocubu's Refrigeration  Ice            0%         4d7       100%        7
 Polar Vortex             Ice            0%         N/A       100%        9


Dungeon Overview and Level Annotations

Branches:
Dungeon (2/15)

Altars:

Shops:
D:2 :


Innate Abilities, Weirdness & Mutations

You cannot wear most types of armour.
You are amphibious.
You can wear up to eight rings at the same time.
Your skin changes colour to match your surroundings (Stealth+).
Your rubbery body absorbs attacks. (AC +1, EV +1)
((You are camouflaged when in or above water. (Stealth+)))
You have tentacles for arms and can constrict up to eight enemies at once.


Message History

No target in view!
There is an entrance to Apoel's Book Boutique here.
l - a scroll labelled FUHEXY ZENEV No target in view!
An endoplasm comes into view.
An endoplasm is nearby!
An endoplasm is nearby!
An endoplasm is nearby!
An endoplasm is nearby!
An endoplasm is nearby!
The helpless endoplasm fails to defend itself.
You impale the endoplasm!!
You kill the endoplasm! 2 gnolls come into view.
The gnoll shouts! x2
An endoplasm comes into view.
The gnoll hits you from afar with a +0 spear.
A gnoll comes into view. It is wielding a +1 halberd of venom.
The gnoll closely misses you.
There are monsters nearby!
The gnoll shouts!
You hit the gnoll. You grab the gnoll.
The gnoll is moderately wounded.
You constrict the gnoll. The gnoll barely misses you. The gnoll misses you.
There are monsters nearby!
You hit the gnoll. You squeeze the gnoll.
The gnoll is severely wounded.
You constrict the gnoll.
The gnoll hits you from afar with a +0 spear!
The gnoll hits you with a +0 spear!
* * * LOW HITPOINT WARNING * * *
The gnoll hits you from afar with a +1 halberd of venom.
* * * LOW HITPOINT WARNING * * *
You are lethally poisoned!
You release your grip on the gnoll.
The gnoll attacks as you move away! The gnoll closely misses you.
* * * LOW HITPOINT WARNING * * *
You feel sick.
The gnoll hits you from afar with a +0 spear!
You die...

....###########...####
.....................+
....##########....###
##.## #.#.## #.# #.# #
##.# #.# ...# ##.#
##.# #####..#### ..#
#.......@.# ####
#.###.###.# #.##.g..#
#.##g.#.# #.......#
####... . #..#.##
#..#. .....#


You could see a gnoll.

Vanquished Creatures
  A dart slug (D:1)
  A ball python (D:1)
  2 bats
  4 endoplasms
  3 giant cockroaches (D:1)
  2 goblins (D:1)
  3 hobgoblins (D:1)
  4 kobolds (D:1)
  2 quokkas (D:1)
  3 rats (D:1)
25 creatures vanquished.

Notes
Turn   | Place    | Note
-------+----------+-------------------------------------------
     0 | D:1      | Ethylacetat the Octopode Brigand began the quest for the
                  | Orb.
     0 | D:1      | Reached XP level 1. HP: 14/14 MP: 1/1
    91 | D:1      | Reached XP level 2. HP: 20/20 MP: 2/2
   456 | D:1      | Reached XP level 3. HP: 23/25 MP: 3/3
   797 | D:2      | Found Apoel's Book Boutique.
   844 | D:2      | HP: 1/25 [poisoned by a gnoll]
   844 | D:2      | Mangled by a gnoll

Illustrated notes

Levels and vault maps discovered:
D:1:      lightli_arrival_quake, layout_loops_ring, nrook_mini_vaults,
          chequers_jeans, grunt_decor_cap, st_stairs_2
D:2:      layout_loops_corners, serial_shops, nicolae_shop_tiny_statue_garden,
          kennysheep_nub, minmay_splitting_lines

Skill      XL: |  1  2 |
---------------+-------+-----
Dodging        | 2 |  2.2
Fighting       | |  2.9
Short Blades   | |  2.0
Throwing       | |  2.0
Stealth        | |  5.3

Action                     || total
---------------------------++-------
  Melee: Dagger            ||    45
         Tentacles         ||     9
         Constrict         ||     7
   Stab: Sleeping          ||    12
 Armour: Skin              ||     2
  Dodge: Dodged            ||    17

Table legend: (Time is in decaauts)
 A = Elapsed time spent in this place.
 B = Non-inter-level travel time spent in this place.
 C = Inter-level travel time spent in this place.
 D = Time resting spent in this place.
 E = Time spent auto-exploring this place.
 F = Levels seen in this place.
 G = Mean time per level.
                   A        B        C        D        E       F      G
               +--------+--------+--------+--------+--------+-----+--------+
         Total |    839 |    810 |     29 |      0 |    668 |   2 |  419.5 |
       Dungeon |    839 |    810 |     29 |      0 |    668 |   2 |  419.5 |
               +--------+--------+--------+--------+--------+-----+--------+

Top non-repeatable levels by time:
     D:1: 754 daAuts
     D:2: 84 daAuts
